 Dungeon Crawl Stone Soup version 0.31-a0-968-g24f9ace8b5 (webtiles) character file.

Game seed: 14998450209118639329

34 Shayle the Ducker (level 3, -5/21 HPs)
             Began as a Tengu Hexslinger on Oct 27, 2023.
             Slain by Natasha (7 damage)
             ... on level 1 of the Dungeon.
             The game lasted 00:01:43 (803 turns).

Shayle the Ducker (Tengu Hexslinger)                 Turns: 803, Time: 00:01:46

Health: -5/21      AC:  8    Str: 10    XL:     3   Next: 31%
Magic:  5/5        EV:  2    Int: 13    God:
Gold:   22         SH:  0    Dex: 16    Spells: 4/4 levels left

rFire   . . .        a - +1 sling
rCold   . . .        (no shield)
rNeg    . . .        m - +0 chain mail
rPois   .            (helmet restricted)
rElec   .            (no cloak)
rCorr   .            (no gloves)
SInv    .            (boots unavailable)
Will    .....        (no amulet) Stlth
                     (no ring)
HPRegen 0.23/turn    (no ring)
MPRegen 0.09/turn

%: acrobat
@: constricted
A: beak, talons 3, acrobatic
a: no special abilities


You were on level 1 of the Dungeon.
You visited 1 branch of the dungeon, and saw 2 of its levels.

You collected 82 gold pieces.
You spent 60 gold pieces at shops.

Inventory:

Hand Weapons
 a - a +1 sling (weapon)
 f - a +0 long sword
Missiles
 g - a throwing net
Armour
 c - a +0 robe
 m - a +0 chain mail (worn)
Scrolls
 b - a scroll of poison
 d - a scroll of blinking {unknown}
 e - a scroll of identify {unknown}
 h - a scroll of teleportation
 j - a scroll of enchant weapon {unknown}
 k - 2 scrolls of noise {unknown}


   Skills:
 + Level 1.7 Fighting
 - Level 2.1 Ranged Weapons
 + Level 2.7 Dodging
 * Level 2.1 Stealth
 - Level 1.0 Spellcasting
 - Level 2.1 Hexes
 - Level 1.1 Fire Magic


You had 4 spell levels left.
You didn't know any spells.
Your spell library contained the following spells:

 Spells                   Type           Power      Damage    Failure   Level
 Jinxbite                 Hex            12%        N/A       100%        2
 Inner Flame              Hex/Fire       4%         N/A       100%        3
 Sigil of Binding         Hex            6%         N/A       100%        3
 Cause Fear               Hex            3%         N/A       100%        4
 Dimensional Bullseye     Hex/Tloc       1%         N/A       100%        4


Dungeon Overview and Level Annotations

Branches:
Dungeon (2/15)

Altars:

Shops:
D:1 *

Annotations:
D:1 Natasha


Innate Abilities, Weirdness & Mutations

You have a beak for a mouth.
You have claws for feet.
You can magically evade attacks while moving or waiting.


Message History

The cerulean imp hits you but does no damage.
The ball python bites you but does no damage.
The ball python constricts you.
Unknown command.
You escape the ball python's grasp.
Natasha claws you.
The cerulean imp hits you but does no damage.
You climb upwards.
The cerulean imp disappears in a puff of smoke!
There is a stone staircase leading down here.
You shoot a sling bullet.
The sling bullet barely misses the ball python.
The ball python barely misses you. The ball python completely misses you.
Natasha barely misses you.
The ball python bites you but does no damage.
The ball python grabs you. The ball python constricts you. Natasha claws you!
* * * LOW HITPOINT WARNING * * *
The ball python bites you but does no damage.
The ball python constricts you.
* * * LOW HITPOINT WARNING * * *
You feel better.
Natasha stares at you and mumbles some strange words.
You feel yourself slow down.
The ball python bites you but does no damage.
The ball python constricts you.
As you read the scroll of teleportation, it crumbles to dust.
You feel strangely unstable.
The ball python bites you but does no damage.
The ball python constricts you. Natasha claws you. The ball python bites you.
* * * LOW HITPOINT WARNING * * *
The ball python constricts you. Natasha claws you.
* * * LOW HITPOINT WARNING * * *
It was a potion of cancellation.
You feel strangely stable.
Your magical effects are unravelling.
You feel magically purged.
You feel yourself speed up.
The ball python bites you but does no damage.
The ball python constricts you. Natasha claws you!
You die...
Natasha curls up and begins to purr.

### #############
#............
######.#####..###.
#...##.#####.####.
#............###..
#..)##.######....#
#h.....#####)..#..
#@.##........#....
#.S###.#####...##.
#..# #.######.###.
#..# #............
#######..#
########.###.
#........# #.# #.
#.#####.## #.# #.
#.# #.# #.# ## #.#
#.# #####.#


You could see Natasha and a ball python.

Vanquished Creatures
  2 dart slugs (D:1)
  4 ball pythons (D:1)
  2 bats (D:1)
  4 endoplasms (D:1)
  2 giant cockroaches
  3 goblins (D:1)
  A quokka (D:1)
  2 kobolds (D:1)
  6 rats (D:1)
26 creatures vanquished.

Notes
Turn   | Place    | Note
-------+----------+-------------------------------------------
     0 | D:1      | Shayle the Tengu Hexslinger began the quest for the Orb.
     0 | D:1      | Reached XP level 1. HP: 12/12 MP: 3/3
   132 | D:1      | Reached skill level 1 in Stealth
   132 | D:1      | Reached XP level 2. HP: 16/16 MP: 4/4
   278 | D:1      | Found Panteg's General Store.
   306 | D:1      | Bought a scroll of teleportation for 30 gold pieces
   306 | D:1      | Bought a potion of curing for 30 gold pieces
   352 | D:1      | Reached XP level 3. HP: 20/20 MP: 5/5
   786 | D:2      | Noticed Natasha
   800 | D:1      | HP: 1/21 [constriction (1)]
   803 | D:1      | Slain by Natasha

Illustrated notes

Levels and vault maps discovered:
D:1:      lightli_arrival_farm, layout_loops_ring, serial_shops,
          nicolae_shop_advertising_works [nicolae_subvault_shop_adworks],
          minmay_domino_2
D:2:      layout_rooms, basic_altar, st_stairs_9, minmay_misc_feat_doors,
          nicolae_kite_square_tiling_tiny, uniq_natasha, uniq_robin

Skill      XL: |  1  2  3 |
---------------+----------+-----
Stealth        | 1 2 |  2.1
Fighting       | |  1.7
Ranged Weapons | |  2.1
Dodging        | |  2.7
Spellcasting   | |  1.0
Hexes          | |  2.1
Fire Magic     | |  1.1

Action                     || total
---------------------------++-------
   Fire: Sling             ||    61
    Use: Potion            ||     2
         Scroll            ||     1
 Armour: Robe              ||     8
         Chain mail        ||    25
  Dodge: Dodged            ||    12

Table legend: (Time is in decaauts)
 A = Elapsed time spent in this place.
 B = Non-inter-level travel time spent in this place.
 C = Inter-level travel time spent in this place.
 D = Time resting spent in this place.
 E = Time spent auto-exploring this place.
 F = Levels seen in this place.
 G = Mean time per level.
                   A        B        C        D        E       F      G
               +--------+--------+--------+--------+--------+-----+--------+
         Total |    847 |    805 |     42 |      0 |    611 |   2 |  423.5 |
       Dungeon |    847 |    805 |     42 |      0 |    611 |   2 |  423.5 |
               +--------+--------+--------+--------+--------+-----+--------+

Top non-repeatable levels by time:
     D:1: 802 daAuts
     D:2: 45 daAuts
